Sarnia Sailors vs Cape Breton Oilers
Created - Wednesday, June 19, 2024 at 07:45
Goals
|
| Sarnia Sailors |
1 |
2 |
2 |
5 |
| Cape Breton Oilers |
1 |
2 |
3 |
6 |
|
Shots
|
| Sarnia Sailors |
14 |
6 |
15 |
35 |
| Cape Breton Oilers |
15 |
12 |
11 |
38 |
|
1st period
1. Cape Breton Oilers , Noel Acciari 2 (Alexey Toropchenko 9, Luke Evangelista 7) at 12:40
2. Sarnia Sailors , Vasily Podkolzin 9 (Declan Chisholm 4, Kevin Stenlund 3) at 16:26
Penalties :
Cole Reinhardt (SAR) for Interference (Minor) at 4:13, Dylan McIlrath (CBO) for Fighting (Major) at 9:50, Cole Reinhardt (SAR) for Fighting (Major) at 9:50, Max Jones (CBO) for Fighting (Major) at 17:20, Jamie Drysdale (SAR) for Fighting (Major) at 17:20
2nd period
3. Cape Breton Oilers , Luke Evangelista 8 (Noel Acciari 8, Alexey Toropchenko 10) at 6:03 (PP)
4. Sarnia Sailors , Tristen Nielsen 3 (Cole Reinhardt 2) at 6:13
5. Sarnia Sailors , Jamie Drysdale 6 (Vasily Podkolzin 6, Cole Reinhardt 3) at 16:14 (PP)
6. Cape Breton Oilers , Max Jones 3 (Leon Gawanke 3) at 19:56
Penalties :
Jett Woo (SAR) for Hooking (Minor) at 4:08, Sam Carrick (CBO) for Fighting (Major) at 11:34, Tristen Nielsen (SAR) for Fighting (Major) at 11:34, Alexey Toropchenko (CBO) for Holding (Minor) at 11:56, Vladislav Kolyachonok (CBO) for Fighting (Major) at 14:47, Keegan Kolesar (SAR) for Fighting (Major) at 14:47, Dylan McIlrath (CBO) for Hooking (Minor) at 16:07, Cole Reinhardt (SAR) for Hooking (Minor) at 17:46
3rd period
7. Cape Breton Oilers , Luke Evangelista 9 (Alexey Toropchenko 11, Noel Acciari 9) at 0:15
8. Cape Breton Oilers , Brett Seney 5 (Luke Evangelista 8, Leon Gawanke 4) at 8:55
9. Sarnia Sailors , Jamie Drysdale 7 (Vasily Podkolzin 7, Jack Rathbone 8) at 9:17 (PP)
10. Sarnia Sailors , Vasily Podkolzin 10 (Keegan Kolesar 14, Jamie Drysdale 14) at 9:50 (PP)
11. Cape Breton Oilers , Hudson Fasching 6 (Brett Seney 10, Carl Grundstrom 7) at 12:29
Penalties :
Kevin Stenlund (SAR) for Cross-checking (Minor) at 0:20, Adam Ginning (SAR) for Elbowing (Minor) at 5:16, Kevin Bahl (CBO) for Tripping (Minor) at 9:06, Kevin Bahl (CBO) for Holding (Minor) at 9:35, Jamie Drysdale (SAR) for Slashing (Minor) at 13:01
Goalie Stats
Remi Poirier (SAR), 32 saves from 38 shots - (0.842), L, 6-4-1, 58:46 minutes
Jack Campbell (CBO), 30 saves from 35 shots - (0.857), W, 6-1-0, 60:00 minutes
Players Stats for Sarnia Sailors
Player Name G A P +/- PIM S H SB GA TA FO MP PP MP PK MP
------------------------------------------------------------------------------------
Adam Ginning 0 0 0 0 2 1 2 2 0 0 0/0 23:13 0:51 6:20
Brad Lambert 0 0 0 0 0 0 2 0 0 0 0/0 9:00 0:00 0:44
Cole Reinhardt 0 2 2 -1 9 3 1 0 1 0 0/1 14:13 0:55 0:17
Daniel Torgersson 0 0 0 -2 0 0 0 0 0 0 0/0 6:15 0:00 0:00
Declan Chisholm 0 1 1 -1 0 0 2 1 0 1 0/0 19:28 0:00 4:33
Dominic Toninato 0 0 0 0 0 0 2 0 1 1 3/6 15:07 0:28 6:21
Jack Rathbone 0 1 1 -2 0 1 2 3 0 1 0/0 29:19 1:41 7:06
Jamie Drysdale 2 1 3 -3 7 6 1 5 0 2 0/0 22:47 1:41 3:45
Jesse Puljujarvi 0 0 0 0 0 2 3 0 0 0 0/1 14:48 0:48 0:00
Jett Woo 0 0 0 0 2 0 0 0 0 2 0/0 11:52 0:51 0:11
Keegan Kolesar 0 1 1 0 5 2 2 0 0 0 0/0 19:18 1:31 2:42
Kevin Stenlund 0 1 1 -1 2 5 1 1 2 0 20/36 22:04 0:51 5:09
Laurent Dauphin 0 0 0 -2 0 1 1 0 0 0 2/5 10:11 0:00 3:36
Lucas Edmonds 0 0 0 0 0 2 0 0 1 0 0/0 8:53 0:03 0:12
Samuel Walker 0 0 0 -3 0 2 1 0 0 0 0/3 12:37 0:56 2:18
Tristen Nielsen 1 0 1 0 5 3 2 0 1 0 5/16 17:10 0:26 2:21
Vasily Podkolzin 2 2 4 0 0 7 0 0 1 0 1/3 18:13 1:38 0:00
Zach Uens 0 0 0 0 0 0 0 1 0 1 0/0 13:32 0:00 1:45
Players Stats for Cape Breton Oilers
Player Name G A P +/- PIM S H SB GA TA FO MP PP MP PK MP
------------------------------------------------------------------------------------
Alexey Toropchenko 0 3 3 1 2 3 1 1 2 2 1/1 19:55 6:18 0:00
Brett Seney 1 1 2 1 0 7 1 1 1 1 8/12 19:30 5:27 0:17
Carl Grundstrom 0 1 1 1 0 2 1 0 0 1 1/2 18:58 5:19 0:00
Dylan McIlrath 0 0 0 1 7 0 1 0 0 0 0/0 19:50 5:59 1:08
Hudson Fasching 1 0 1 1 0 2 0 0 0 1 2/4 19:04 5:21 0:00
Jonah Gadjovich 0 0 0 0 0 2 3 0 2 0 0/0 7:20 0:00 0:00
Kevin Bahl 0 0 0 0 4 2 4 2 0 1 0/0 27:34 5:51 1:17
Leon Gawanke 0 2 2 1 0 0 0 0 0 1 0/0 21:18 5:59 1:15
Luke Evangelista 2 2 4 1 0 7 4 1 0 0 0/0 21:01 6:18 0:00
Matt Luff 0 0 0 0 0 2 0 0 1 0 0/0 7:20 0:00 0:00
Max Jones 1 0 1 1 5 3 1 0 2 0 0/1 10:42 0:05 0:59
Noel Acciari 1 2 3 1 0 1 2 0 0 0 19/30 21:20 6:18 1:22
Parker Kelly 0 0 0 1 0 1 0 0 0 0 4/15 12:48 0:11 1:32
Philip Broberg 0 0 0 0 0 1 0 0 0 0 0/0 27:36 5:51 1:17
Sam Carrick 0 0 0 0 5 3 1 0 0 0 4/5 7:16 0:00 0:00
Vladislav Kolyachonok 0 0 0 2 5 0 1 0 0 0 0/0 12:24 0:00 0:00
Will Cuylle 0 0 0 1 0 2 0 1 0 0 1/1 12:11 0:13 0:54
William Trudeau 0 0 0 2 0 0 1 0 0 0 0/0 11:13 0:00 0:07
3 Stars
1 - Luke Evangelista (CBO)
2 - Vasily Podkolzin (SAR)
3 - Noel Acciari (CBO)
Power Play
Sarnia Sailors - 3 on 4 Attempt(s) - 75.00%
Cape Breton Oilers - 1 on 6 Attempt(s) - 16.67%
Penalty Kill
Sarnia Sailors - 5 on 6 Attempt(s) - 83.33%
- Score 0 goal in Penalty Kill
Cape Breton Oilers - 1 on 4 Attempt(s) - 25.00%
- Score 0 goal in Penalty Kill
Team Stat
Sarnia Sailors - Hits : 22 - Faceoff Wins : 31 - Blocked Shots : 13 - Penalty Minutes : 32
Cape Breton Oilers - Hits : 21 - Faceoff Wins : 40 - Blocked Shots : 6 - Penalty Minutes : 28
Official
Referees : Mark Lemelin and Tim Peel
Linesman : Steve Barton and Michel Cormier
Game Notes
Cole Reinhardt beats up Dylan McIlrath at 9:50 of 1st period
Jamie Drysdale beats up Max Jones at 17:20 of 1st period
Sam Carrick beats up Tristen Nielsen at 11:34 of 2nd period
Keegan Kolesar beats up Vladislav Kolyachonok at 14:47 of 2nd period
12:29 of 3rd period - Cape Breton Oilers goal is going for a video replay. After video review, Goal.
Sarnia Sailors
5 vs 5 Forward
Center Left Wing Right Wing Time % Phy DF OF
1 Kevin Stenlund Vasily Podkolzin Keegan Kolesar 40 2 1 2
2 Tristen Nielsen Cole Reinhardt Jesse Puljujarvi 30 2 1 2
3 Dominic Toninato Brad Lambert Lucas Edmonds 20 1 2 2
4 Laurent Dauphin Daniel Torgersson Samuel Walker 10 2 1 2
5 vs 5 Defense
Defense Defense Time % Phy DF OF
1 Jamie Drysdale Jack Rathbone 40 1 2 2
2 Declan Chisholm Adam Ginning 30 2 1 2
3 Zach Uens Jett Woo 20 2 2 1
4 Adam Ginning Jack Rathbone 10 1 2 2
PowerPlay Forward
Center Left Wing Right Wing Time % Phy DF OF
1 Tristen Nielsen Vasily Podkolzin Keegan Kolesar 60 0 1 4
2 Kevin Stenlund Cole Reinhardt Jesse Puljujarvi 40 0 1 4
PowerPlay Defense
Defense Defense Time % Phy DF OF
1 Jamie Drysdale Jack Rathbone 60 1 1 3
2 Adam Ginning Jett Woo 40 2 1 2
Penalty Kill 4 Players Forward
Center Wing Time % Phy DF OF
1 Kevin Stenlund Dominic Toninato 60 2 2 1
2 Laurent Dauphin Keegan Kolesar 40 2 2 1
Penalty Kill 4 Players Defense
Defense Defense Time % Phy DF OF
1 Adam Ginning Jack Rathbone 60 2 1 2
2 Declan Chisholm Jamie Drysdale 40 2 2 1
Penalty Kill - 3 Players Forward
Forward Time % Phy DF OF
1 Kevin Stenlund 60 2 2 1
2 Tristen Nielsen 40 2 2 1
Penalty Kill - 3 Players Defense
Defense Defense Time % Phy DF OF
1 Adam Ginning Jack Rathbone 60 2 1 2
2 Declan Chisholm Jamie Drysdale 40 2 2 1
4 vs 4 Forward
Center Wing Time % Phy DF OF
1 Kevin Stenlund Keegan Kolesar 60 2 1 2
2 Tristen Nielsen Vasily Podkolzin 40 2 1 2
4 vs 4 Defense
Defense Defense Time % Phy DF OF
1 Declan Chisholm Jack Rathbone 60 1 2 2
2 Jamie Drysdale Adam Ginning 40 2 1 2
Last Minutes Offensive
Center Left Wing Right Wing Defense Defense
Tristen Nielsen Vasily Podkolzin Keegan Kolesar Jamie Drysdale Jack Rathbone
Last Minutes Defensive
Center Left Wing Right Wing Defense Defense
Kevin Stenlund Dominic Toninato Tristen Nielsen Jamie Drysdale Jack Rathbone
Goaltenders
Starting : Remi Poirier
Backup : Dylan Ferguson
Extra Forwards
Normal : Samuel Walker, Cole Reinhardt, Lucas Edmonds - PP : Samuel Walker, Cole Reinhardt - PK : Dominic Toninato
Extra Defensemen
Normal : Zach Uens, Declan Chisholm, Jamie Drysdale - PP : Jamie Drysdale - PK : Zach Uens, Declan Chisholm
Penalty Shots
Kevin Stenlund, Keegan Kolesar, Dominic Toninato, Jesse Puljujarvi, Vasily Podkolzin
Cape Breton Oilers
5 vs 5 Forward
Center Left Wing Right Wing Time % Phy DF OF
1 Noel Acciari Alexey Toropchenko Luke Evangelista 30 1 2 2
2 Brett Seney Carl Grundstrom Hudson Fasching 30 1 2 2
3 Parker Kelly Will Cuylle Max Jones 25 1 2 2
4 Sam Carrick Jonah Gadjovich Matt Luff 15 1 2 2
5 vs 5 Defense
Defense Defense Time % Phy DF OF
1 Kevin Bahl Philip Broberg 30 1 2 2
2 Dylan McIlrath Leon Gawanke 30 1 2 2
3 Vladislav Kolyachonok William Trudeau 25 1 2 2
4 Kevin Bahl Philip Broberg 15 1 2 2
PowerPlay Forward
Center Left Wing Right Wing Time % Phy DF OF
1 Noel Acciari Alexey Toropchenko Luke Evangelista 50 1 2 2
2 Brett Seney Carl Grundstrom Hudson Fasching 50 1 2 2
PowerPlay Defense
Defense Defense Time % Phy DF OF
1 Kevin Bahl Philip Broberg 50 1 2 2
2 Dylan McIlrath Leon Gawanke 50 1 2 2
Penalty Kill 4 Players Forward
Center Wing Time % Phy DF OF
1 Noel Acciari Parker Kelly 50 1 2 2
2 Sam Carrick Alexey Toropchenko 50 1 2 2
Penalty Kill 4 Players Defense
Defense Defense Time % Phy DF OF
1 Kevin Bahl Philip Broberg 50 1 2 2
2 Dylan McIlrath Leon Gawanke 50 1 2 2
Penalty Kill - 3 Players Forward
Forward Time % Phy DF OF
1 Luke Evangelista 50 1 2 2
2 Noel Acciari 50 1 2 2
Penalty Kill - 3 Players Defense
Defense Defense Time % Phy DF OF
1 Kevin Bahl Philip Broberg 50 1 2 2
2 Dylan McIlrath Leon Gawanke 50 1 2 2
4 vs 4 Forward
Center Wing Time % Phy DF OF
1 Luke Evangelista Noel Acciari 50 1 2 2
2 Alexey Toropchenko Brett Seney 50 1 2 2
4 vs 4 Defense
Defense Defense Time % Phy DF OF
1 Kevin Bahl Philip Broberg 50 1 2 2
2 Dylan McIlrath Leon Gawanke 50 1 2 2
Last Minutes Offensive
Center Left Wing Right Wing Defense Defense
Noel Acciari Alexey Toropchenko Luke Evangelista Kevin Bahl Philip Broberg
Last Minutes Defensive
Center Left Wing Right Wing Defense Defense
Noel Acciari Alexey Toropchenko Luke Evangelista Kevin Bahl Philip Broberg
Goaltenders
Starting : Jack Campbell
Backup : Matt Villalta
Extra Forwards
Normal : Will Cuylle, Parker Kelly, Max Jones - PP : Will Cuylle, Parker Kelly - PK : Max Jones
Extra Defensemen
Normal : Vladislav Kolyachonok, William Trudeau, Dylan McIlrath - PP : Vladislav Kolyachonok - PK : William Trudeau, Dylan McIlrath
Penalty Shots
Luke Evangelista, Noel Acciari, Alexey Toropchenko, Brett Seney, Carl Grundstrom
% Time on Ice - Sarnia Sailors
Lines # - Real PCT - Wanted PCT - Time Play
Normal Forward
1 - 36% - 40% - 16:06
2 - 32% - 30% - 14:15
3 - 18% - 20% - 8:16
4 - 14% - 10% - 6:15
Normal Defense
1 - 41% - 40% - 18:36
2 - 32% - 30% - 14:19
3 - 21% - 20% - 9:32
4 - 5% - 10% - 2:25
PP Forward
1 - 68% - 60% - 1:44
2 - 32% - 40% - 0:48
PP Defense
1 - 66% - 60% - 1:41
2 - 34% - 40% - 0:51
PK Forward
1 - 72% - 60% - 8:31
2 - 28% - 40% - 3:19
PK Defense
1 - 65% - 60% - 7:39
2 - 35% - 40% - 4:11
PK3 Forward
1 - 0% - 60%
2 - 0% - 40%
PK3 Defense
1 - 0% - 60%
2 - 0% - 40%
44 Forward
1 - 0% - 60%
2 - 0% - 40%
44 Defense
1 - 0% - 60%
2 - 0% - 40%
Last Minute Offensive - 0:46
Last Minute Defensive - 0:00
Total
Forward - 60:00
Defense - 60:00
|
% Time on Ice - Cape Breton Oilers
Lines # - Real PCT - Wanted PCT - Time Play
Normal Forward
1 - 29% - 30% - 13:10
2 - 31% - 30% - 13:54
3 - 23% - 25% - 10:28
4 - 16% - 15% - 7:20
Normal Defense
1 - 31% - 30% - 14:04
2 - 31% - 30% - 14:04
3 - 25% - 25% - 11:06
4 - 13% - 15% - 5:38
PP Forward
1 - 54% - 50% - 6:23
2 - 46% - 50% - 5:27
PP Defense
1 - 49% - 50% - 5:51
2 - 51% - 50% - 5:59
PK Forward
1 - 31% - 50% - 0:47
2 - 69% - 50% - 1:45
PK Defense
1 - 51% - 50% - 1:17
2 - 49% - 50% - 1:15
PK3 Forward
1 - 0% - 50%
2 - 0% - 50%
PK3 Defense
1 - 0% - 50%
2 - 0% - 50%
44 Forward
1 - 0% - 50%
2 - 0% - 50%
44 Defense
1 - 0% - 50%
2 - 0% - 50%
Last Minute Offensive - 0:00
Last Minute Defensive - 0:46
Total
Forward - 60:00
Defense - 60:00
|
Play-by-Play
1st period
0:01 of 1st period - Kevin Stenlund wins face-off versus Noel Acciari in neutral zone.
0:08 of 1st period - Snap shot by Vasily Podkolzin.
0:08 of 1st period - Stopped by Jack Campbell without a rebound.
0:09 of 1st period - Kevin Stenlund wins face-off versus Noel Acciari in Cape Breton Oilers zone.
0:14 of 1st period - Snap shot by Vasily Podkolzin.
0:14 of 1st period - Stopped by Jack Campbell with a rebound.
0:58 of 1st period - Snap shot by Luke Evangelista.
0:58 of 1st period - Stopped by Remi Poirier with a rebound.
1:00 of 1st period - Wrist shot by Noel Acciari.
1:00 of 1st period - Deflect By Luke Evangelista.
1:00 of 1st period - Shot Blocked by Jamie Drysdale.
1:00 of 1st period - Puck is out of play.
1:01 of 1st period - Hudson Fasching wins face-off versus Tristen Nielsen in Sarnia Sailors zone.
1:04 of 1st period - Snap shot by Brett Seney.
1:04 of 1st period - Shot Blocked by Declan Chisholm.
1:10 of 1st period - Leon Gawanke is hit by Tristen Nielsen and loses puck.
1:48 of 1st period - Snap shot by Matt Luff.
1:48 of 1st period - Stopped by Remi Poirier without a rebound.
1:49 of 1st period - Sam Carrick wins face-off versus Laurent Dauphin in Sarnia Sailors zone.
1:52 of 1st period - Slapshot by Sam Carrick.
1:52 of 1st period - Shot Misses the Net.
1:54 of 1st period - Snap shot by Jonah Gadjovich.
1:54 of 1st period - Stopped by Remi Poirier with a rebound.
1:56 of 1st period - Wrist shot by Sam Carrick.
1:56 of 1st period - Stopped by Remi Poirier with a rebound.
2:22 of 1st period - Snap shot by Brett Seney.
2:22 of 1st period - Stopped by Remi Poirier with a rebound.
2:45 of 1st period - Icing by Max Jones.
2:46 of 1st period - Kevin Stenlund wins face-off versus Max Jones in Cape Breton Oilers zone.
2:47 of 1st period - Snap shot by Keegan Kolesar.
2:47 of 1st period - Shot Blocked by Will Cuylle.
3:13 of 1st period - Wrist shot by Parker Kelly.
3:13 of 1st period - Stopped by Remi Poirier without a rebound.
3:14 of 1st period - Carl Grundstrom wins face-off versus Tristen Nielsen in Sarnia Sailors zone.
3:23 of 1st period - Slapshot by Brett Seney.
3:23 of 1st period - Stopped by Remi Poirier without a rebound.
3:24 of 1st period - Tristen Nielsen wins face-off versus Brett Seney in Sarnia Sailors zone.
3:31 of 1st period - Brett Seney is hit by Adam Ginning and loses puck.
4:04 of 1st period - Snap shot by Brett Seney.
4:04 of 1st period - Shot Misses the Net.
4:13 of 1st period - Minor Penalty to Cole Reinhardt for Interference.
4:14 of 1st period - Kevin Stenlund wins face-off versus Noel Acciari in Sarnia Sailors zone.
4:24 of 1st period - Snap shot by Dominic Toninato.
4:24 of 1st period - Deflect By Kevin Stenlund.
4:24 of 1st period - Shot Blocked by Kevin Bahl.
4:24 of 1st period - Puck is out of play.
4:25 of 1st period - Noel Acciari wins face-off versus Kevin Stenlund in Cape Breton Oilers zone.
6:13 of 1st period - Penalty to Cole Reinhardt is over, Cole Reinhardt is back on ice.
6:21 of 1st period - Sam Carrick is hit by Jesse Puljujarvi and loses puck.
7:09 of 1st period - Wrist shot by Keegan Kolesar.
7:09 of 1st period - Shot Misses the Net.
8:37 of 1st period - Icing by Laurent Dauphin.
8:38 of 1st period - Laurent Dauphin wins face-off versus Parker Kelly in Sarnia Sailors zone.
8:46 of 1st period - Icing by Laurent Dauphin.
8:47 of 1st period - Noel Acciari wins face-off versus Laurent Dauphin in Sarnia Sailors zone.
8:58 of 1st period - Wrist shot by Luke Evangelista.
8:58 of 1st period - Stopped by Remi Poirier with a rebound.
9:02 of 1st period - Snap shot by Alexey Toropchenko.
9:02 of 1st period - Stopped by Remi Poirier with a rebound.
9:12 of 1st period - Brett Seney is hit by Declan Chisholm and loses puck.
9:50 of 1st period - Cole Reinhardt beats up Dylan McIlrath.
9:50 of 1st period - Penalty to Dylan McIlrath for Fighting.
9:50 of 1st period - Penalty to Cole Reinhardt for Fighting.
9:51 of 1st period - Noel Acciari wins face-off versus Vasily Podkolzin in neutral zone.
10:12 of 1st period - Alexey Toropchenko is hit by Kevin Stenlund and loses puck.
10:42 of 1st period - Off-side.
10:43 of 1st period - Parker Kelly wins face-off versus Jesse Puljujarvi in neutral zone.
10:46 of 1st period - Slapshot by Max Jones.
10:46 of 1st period - Shot Misses the Net.
10:48 of 1st period - Snap shot by Will Cuylle.
10:48 of 1st period - Shot Misses the Net.
10:50 of 1st period - Slapshot by Philip Broberg.
10:50 of 1st period - Shot Blocked by Adam Ginning.
11:58 of 1st period - Snap shot by Matt Luff.
11:58 of 1st period - Stopped by Remi Poirier with a rebound.
12:00 of 1st period - Slapshot by Jonah Gadjovich.
12:00 of 1st period - Stopped by Remi Poirier with a rebound.
12:02 of 1st period - Wrist shot by Matt Luff.
12:02 of 1st period - Deflect By Sam Carrick.
12:02 of 1st period - Stopped by Remi Poirier with a rebound.
12:38 of 1st period - Snap shot by Alexey Toropchenko.
12:38 of 1st period - Shot Misses the Net.
12:40 of 1st period - Snap shot by Noel Acciari.
12:40 of 1st period - Goal by Noel Acciari - Sarnia Sailors : 0 - Cape Breton Oilers : 1.
12:41 of 1st period - Kevin Stenlund wins face-off versus Noel Acciari in neutral zone.
13:06 of 1st period - Carl Grundstrom is hit by Jesse Puljujarvi and loses puck.
13:19 of 1st period - Wrist shot by Tristen Nielsen.
13:19 of 1st period - Stopped by Jack Campbell with a rebound.
13:28 of 1st period - Off-side.
13:29 of 1st period - Sam Carrick wins face-off versus Dominic Toninato in neutral zone.
13:54 of 1st period - Noel Acciari is hit by Keegan Kolesar.
14:04 of 1st period - Slapshot by Keegan Kolesar.
14:04 of 1st period - Shot Misses the Net.
14:20 of 1st period - Kevin Bahl is hit by Samuel Walker and loses puck.
14:27 of 1st period - Declan Chisholm is hit by Kevin Bahl and loses puck.
14:49 of 1st period - Jack Rathbone is hit by Max Jones and loses puck.
15:18 of 1st period - Icing by Sam Carrick.
15:19 of 1st period - Sam Carrick wins face-off versus Tristen Nielsen in Cape Breton Oilers zone.
15:34 of 1st period - Wrist shot by Jesse Puljujarvi.
15:34 of 1st period - Shot Misses the Net.
15:46 of 1st period - Kevin Bahl is hit by Brad Lambert and loses puck.
16:20 of 1st period - Slapshot by Kevin Stenlund.
16:20 of 1st period - Stopped by Jack Campbell without a rebound.
16:21 of 1st period - Kevin Stenlund wins face-off versus Noel Acciari in Cape Breton Oilers zone.
16:22 of 1st period - Wrist shot by Keegan Kolesar.
16:22 of 1st period - Stopped by Jack Campbell with a rebound.
16:24 of 1st period - Wrist shot by Kevin Stenlund.
16:24 of 1st period - Stopped by Jack Campbell with a rebound.
16:26 of 1st period - Slapshot by Declan Chisholm.
16:26 of 1st period - Deflect By Vasily Podkolzin.
16:26 of 1st period - Goal by Vasily Podkolzin - Sarnia Sailors : 1 - Cape Breton Oilers : 1.
16:27 of 1st period - Noel Acciari wins face-off versus Kevin Stenlund in neutral zone.
16:42 of 1st period - Wrist shot by Alexey Toropchenko.
16:42 of 1st period - Stopped by Remi Poirier with a rebound.
16:54 of 1st period - Kevin Bahl is hit by Cole Reinhardt and loses puck.
16:59 of 1st period - Wrist shot by Jesse Puljujarvi.
16:59 of 1st period - Stopped by Jack Campbell with a rebound.
17:05 of 1st period - Slapshot by Cole Reinhardt.
17:05 of 1st period - Stopped by Jack Campbell without a rebound.
17:06 of 1st period - Dominic Toninato wins face-off versus Parker Kelly in Cape Breton Oilers zone.
17:07 of 1st period - Wrist shot by Lucas Edmonds.
17:07 of 1st period - Stopped by Jack Campbell with a rebound.
17:09 of 1st period - Snap shot by Adam Ginning.
17:09 of 1st period - Stopped by Jack Campbell with a rebound.
17:11 of 1st period - Snap shot by Lucas Edmonds.
17:11 of 1st period - Shot Misses the Net.
17:13 of 1st period - Backhand shot by Lucas Edmonds.
17:13 of 1st period - Stopped by Jack Campbell without a rebound.
17:14 of 1st period - Dominic Toninato wins face-off versus Parker Kelly in Cape Breton Oilers zone.
17:20 of 1st period - Jamie Drysdale beats up Max Jones.
17:20 of 1st period - Penalty to Max Jones for Fighting.
17:20 of 1st period - Penalty to Jamie Drysdale for Fighting.
17:21 of 1st period - Kevin Stenlund wins face-off versus Noel Acciari in Cape Breton Oilers zone.
17:34 of 1st period - Backhand shot by Alexey Toropchenko.
17:34 of 1st period - Stopped by Remi Poirier without a rebound.
17:35 of 1st period - Kevin Stenlund wins face-off versus Carl Grundstrom in Sarnia Sailors zone.
17:35 of 1st period - Kevin Stenlund is hit by Carl Grundstrom.
17:47 of 1st period - Snap shot by Carl Grundstrom.
17:47 of 1st period - Shot Misses the Net.
18:01 of 1st period - Zach Uens is hit by Luke Evangelista.
18:07 of 1st period - Wrist shot by Cole Reinhardt.
18:07 of 1st period - Stopped by Jack Campbell with a rebound.
18:09 of 1st period - Slapshot by Cole Reinhardt.
18:09 of 1st period - Shot Blocked by Luke Evangelista.
18:29 of 1st period - Snap shot by Samuel Walker.
18:29 of 1st period - Stopped by Jack Campbell with a rebound.
18:31 of 1st period - Slapshot by Jack Rathbone.
18:31 of 1st period - Shot Misses the Net.
18:41 of 1st period - Zach Uens is hit by Jonah Gadjovich and loses puck.
18:50 of 1st period - Sam Carrick is hit by Dominic Toninato and loses puck.
19:09 of 1st period - Hudson Fasching is hit by Keegan Kolesar and loses puck.
19:57 of 1st period - Icing by Brett Seney.
19:58 of 1st period - Brett Seney wins face-off versus Kevin Stenlund in Cape Breton Oilers zone.
Goals for this period are 1 for Sarnia Sailors vs 1 for Cape Breton Oilers.
Shots for this period are 14 for Sarnia Sailors vs 15 for Cape Breton Oilers.
2nd period
0:01 of 2nd period - Noel Acciari wins face-off versus Kevin Stenlund in neutral zone.
0:31 of 2nd period - Wrist shot by Kevin Stenlund.
0:31 of 2nd period - Stopped by Jack Campbell with a rebound.
0:42 of 2nd period - Off-side.
0:43 of 2nd period - Hudson Fasching wins face-off versus Tristen Nielsen in neutral zone.
0:46 of 2nd period - Jack Rathbone is hit by Brett Seney.
1:16 of 2nd period - Wrist shot by Will Cuylle.
1:16 of 2nd period - Stopped by Remi Poirier with a rebound.
2:48 of 2nd period - Vladislav Kolyachonok is hit by Adam Ginning and loses puck.
3:15 of 2nd period - Wrist shot by Vasily Podkolzin.
3:15 of 2nd period - Shot Blocked by Brett Seney.
3:17 of 2nd period - Snap shot by Vasily Podkolzin.
3:17 of 2nd period - Shot Misses the Net.
3:37 of 2nd period - Brett Seney is hit by Jamie Drysdale and loses puck.
4:08 of 2nd period - Minor Penalty to Jett Woo for Hooking.
4:09 of 2nd period - Noel Acciari wins face-off versus Kevin Stenlund in Sarnia Sailors zone.
4:54 of 2nd period - Icing by Kevin Bahl.
4:55 of 2nd period - Noel Acciari wins face-off versus Laurent Dauphin in Cape Breton Oilers zone.
5:14 of 2nd period - Kevin Stenlund is hit by Luke Evangelista and loses puck.
5:45 of 2nd period - Slapshot by Noel Acciari.
5:45 of 2nd period - Shot Blocked by Jack Rathbone.
5:47 of 2nd period - Slapshot by Philip Broberg.
5:47 of 2nd period - Shot Misses the Net.
5:49 of 2nd period - Slapshot by Philip Broberg.
5:49 of 2nd period - Stopped by Remi Poirier with a rebound.
5:51 of 2nd period - Slapshot by Kevin Bahl.
5:51 of 2nd period - Stopped by Remi Poirier with a rebound.
6:03 of 2nd period - Wrist shot by Luke Evangelista.
6:03 of 2nd period - Goal by Luke Evangelista - Sarnia Sailors : 1 - Cape Breton Oilers : 2.
6:04 of 2nd period - Brett Seney wins face-off versus Tristen Nielsen in neutral zone.
6:09 of 2nd period - Slapshot by Cole Reinhardt.
6:09 of 2nd period - Shot Misses the Net.
6:11 of 2nd period - Snap shot by Cole Reinhardt.
6:11 of 2nd period - Stopped by Jack Campbell with a rebound.
6:13 of 2nd period - Wrist shot by Tristen Nielsen.
6:13 of 2nd period - Goal by Tristen Nielsen - Sarnia Sailors : 2 - Cape Breton Oilers : 2.
6:14 of 2nd period - Kevin Stenlund wins face-off versus Parker Kelly in neutral zone.
6:25 of 2nd period - Snap shot by Max Jones.
6:25 of 2nd period - Shot Misses the Net.
6:41 of 2nd period - Declan Chisholm is hit by Sam Carrick and loses puck.
7:35 of 2nd period - Icing by Jamie Drysdale.
7:36 of 2nd period - Brett Seney wins face-off versus Dominic Toninato in Sarnia Sailors zone.
8:40 of 2nd period - Snap shot by Laurent Dauphin.
8:40 of 2nd period - Stopped by Jack Campbell with a rebound.
8:46 of 2nd period - Laurent Dauphin is hit by Jonah Gadjovich and loses puck.
8:53 of 2nd period - Wrist shot by Jonah Gadjovich.
8:53 of 2nd period - Deflect By Sam Carrick.
8:53 of 2nd period - Stopped by Remi Poirier without a rebound.
8:54 of 2nd period - Kevin Stenlund wins face-off versus Noel Acciari in Sarnia Sailors zone.
9:25 of 2nd period - Brett Seney is hit by Declan Chisholm and loses puck.
10:16 of 2nd period - Dylan McIlrath is hit by Laurent Dauphin and loses puck.
10:31 of 2nd period - Wrist shot by Luke Evangelista.
10:31 of 2nd period - Shot Blocked by Jamie Drysdale.
11:17 of 2nd period - Slapshot by Parker Kelly.
11:17 of 2nd period - Shot Misses the Net.
11:27 of 2nd period - Snap shot by Jesse Puljujarvi.
11:27 of 2nd period - Shot Misses the Net.
11:34 of 2nd period - Sam Carrick beats up Tristen Nielsen.
11:34 of 2nd period - Penalty to Sam Carrick for Fighting.
11:34 of 2nd period - Penalty to Tristen Nielsen for Fighting.
11:35 of 2nd period - Noel Acciari wins face-off versus Kevin Stenlund in Sarnia Sailors zone.
11:56 of 2nd period - Minor Penalty to Alexey Toropchenko for Holding.
11:57 of 2nd period - Noel Acciari wins face-off versus Samuel Walker in Cape Breton Oilers zone.
13:10 of 2nd period - Jamie Drysdale is hit by Noel Acciari and loses puck.
13:56 of 2nd period - Penalty to Alexey Toropchenko is over, Alexey Toropchenko is back on ice.
14:03 of 2nd period - Slapshot by Samuel Walker.
14:03 of 2nd period - Stopped by Jack Campbell without a rebound.
14:04 of 2nd period - Laurent Dauphin wins face-off versus Hudson Fasching in Cape Breton Oilers zone.
14:25 of 2nd period - Hudson Fasching is hit by Dominic Toninato and loses puck.
14:34 of 2nd period - Wrist shot by Carl Grundstrom.
14:34 of 2nd period - Shot Blocked by Adam Ginning.
14:36 of 2nd period - Snap shot by Brett Seney.
14:36 of 2nd period - Shot Misses the Net.
14:38 of 2nd period - Snap shot by Hudson Fasching.
14:38 of 2nd period - Shot Misses the Net.
14:40 of 2nd period - Wrist shot by Brett Seney.
14:40 of 2nd period - Stopped by Remi Poirier with a rebound.
14:42 of 2nd period - Snap shot by Hudson Fasching.
14:42 of 2nd period - Deflect By Brett Seney.
14:42 of 2nd period - Stopped by Remi Poirier without a rebound.
14:43 of 2nd period - Kevin Stenlund wins face-off versus Noel Acciari in Sarnia Sailors zone.
14:47 of 2nd period - Keegan Kolesar beats up Vladislav Kolyachonok.
14:47 of 2nd period - Penalty to Vladislav Kolyachonok for Fighting.
14:47 of 2nd period - Penalty to Keegan Kolesar for Fighting.
14:48 of 2nd period - Noel Acciari wins face-off versus Kevin Stenlund in Cape Breton Oilers zone.
14:57 of 2nd period - Snap shot by Noel Acciari.
14:57 of 2nd period - Shot Misses the Net.
15:13 of 2nd period - Will Cuylle is hit by Jesse Puljujarvi and loses puck.
15:26 of 2nd period - Declan Chisholm is hit by Kevin Bahl.
15:36 of 2nd period - Snap shot by Samuel Walker.
15:36 of 2nd period - Shot Blocked by Kevin Bahl.
16:07 of 2nd period - Minor Penalty to Dylan McIlrath for Hooking.
16:08 of 2nd period - Parker Kelly wins face-off versus Samuel Walker in Cape Breton Oilers zone.
16:14 of 2nd period - Slapshot by Jamie Drysdale.
16:14 of 2nd period - Goal by Jamie Drysdale - Sarnia Sailors : 3 - Cape Breton Oilers : 2.
16:15 of 2nd period - Noel Acciari wins face-off versus Samuel Walker in neutral zone.
16:20 of 2nd period - Snap shot by Luke Evangelista.
16:20 of 2nd period - Stopped by Remi Poirier without a rebound.
16:21 of 2nd period - Kevin Stenlund wins face-off versus Noel Acciari in Sarnia Sailors zone.
16:21 of 2nd period - Kevin Stenlund is hit by Luke Evangelista.
16:29 of 2nd period - Slapshot by Jamie Drysdale.
16:29 of 2nd period - Shot Misses the Net.
17:12 of 2nd period - Snap shot by Luke Evangelista.
17:12 of 2nd period - Shot Blocked by Jack Rathbone.
17:14 of 2nd period - Wrist shot by Noel Acciari.
17:14 of 2nd period - Shot Misses the Net.
17:18 of 2nd period - Snap shot by Luke Evangelista.
17:18 of 2nd period - Stopped by Remi Poirier with a rebound.
17:20 of 2nd period - Slapshot by Kevin Bahl.
17:20 of 2nd period - Shot Blocked by Jamie Drysdale.
17:22 of 2nd period - Snap shot by Noel Acciari.
17:22 of 2nd period - Shot Misses the Net.
17:24 of 2nd period - Slapshot by Alexey Toropchenko.
17:24 of 2nd period - Deflect By Samuel Walker.
17:24 of 2nd period - Shot Misses the Net.
17:24 of 2nd period - Puck is out of play.
17:25 of 2nd period - Parker Kelly wins face-off versus Tristen Nielsen in Sarnia Sailors zone.
17:28 of 2nd period - Wrist shot by Max Jones.
17:28 of 2nd period - Stopped by Remi Poirier without a rebound.
17:29 of 2nd period - Tristen Nielsen wins face-off versus Parker Kelly in Sarnia Sailors zone.
17:37 of 2nd period - Icing by Parker Kelly.
17:38 of 2nd period - Tristen Nielsen wins face-off versus Parker Kelly in Cape Breton Oilers zone.
17:46 of 2nd period - Minor Penalty to Cole Reinhardt for Hooking.
17:47 of 2nd period - Brett Seney wins face-off versus Kevin Stenlund in Sarnia Sailors zone.
17:52 of 2nd period - Wrist shot by Brett Seney.
17:52 of 2nd period - Stopped by Remi Poirier without a rebound.
17:53 of 2nd period - Kevin Stenlund wins face-off versus Brett Seney in Sarnia Sailors zone.
19:46 of 2nd period - Penalty to Cole Reinhardt is over, Cole Reinhardt is back on ice.
19:56 of 2nd period - Wrist shot by Max Jones.
19:56 of 2nd period - Goal by Max Jones - Sarnia Sailors : 3 - Cape Breton Oilers : 3.
19:57 of 2nd period - Parker Kelly wins face-off versus Tristen Nielsen in neutral zone.
Goals for this period are 2 for Sarnia Sailors vs 2 for Cape Breton Oilers.
Shots for this period are 6 for Sarnia Sailors vs 12 for Cape Breton Oilers.
3rd period
0:01 of 3rd period - Kevin Stenlund wins face-off versus Noel Acciari in neutral zone.
0:06 of 3rd period - Snap shot by Kevin Stenlund.
0:06 of 3rd period - Stopped by Jack Campbell without a rebound.
0:07 of 3rd period - Noel Acciari wins face-off versus Vasily Podkolzin in Cape Breton Oilers zone.
0:07 of 3rd period - Noel Acciari is hit by Jack Rathbone.
0:15 of 3rd period - Snap shot by Luke Evangelista.
0:15 of 3rd period - Goal by Luke Evangelista - Sarnia Sailors : 3 - Cape Breton Oilers : 4.
0:16 of 3rd period - Noel Acciari wins face-off versus Kevin Stenlund in neutral zone.
0:20 of 3rd period - Minor Penalty to Kevin Stenlund for Cross-checking.
0:21 of 3rd period - Tristen Nielsen wins face-off versus Brett Seney in Sarnia Sailors zone.
0:35 of 3rd period - Slapshot by Carl Grundstrom.
0:35 of 3rd period - Shot Misses the Net.
1:01 of 3rd period - Snap shot by Alexey Toropchenko.
1:01 of 3rd period - Shot Misses the Net.
1:57 of 3rd period - Adam Ginning is hit by Kevin Bahl and loses puck.
2:20 of 3rd period - Penalty to Kevin Stenlund is over, Kevin Stenlund is back on ice.
2:24 of 3rd period - Off-side.
2:25 of 3rd period - Will Cuylle wins face-off versus Kevin Stenlund in neutral zone.
2:28 of 3rd period - Zach Uens is hit by Dylan McIlrath and loses puck.
2:51 of 3rd period - Jonah Gadjovich is hit by Tristen Nielsen and loses puck.
3:08 of 3rd period - Dylan McIlrath is hit by Jack Rathbone and loses puck.
3:27 of 3rd period - Hudson Fasching is hit by Brad Lambert.
3:51 of 3rd period - Wrist shot by Will Cuylle.
3:51 of 3rd period - Stopped by Remi Poirier without a rebound.
3:52 of 3rd period - Kevin Stenlund wins face-off versus Parker Kelly in Sarnia Sailors zone.
3:52 of 3rd period - Kevin Stenlund is hit by Vladislav Kolyachonok.
4:49 of 3rd period - Backhand shot by Jamie Drysdale.
4:49 of 3rd period - Shot Misses the Net.
5:06 of 3rd period - Snap shot by Carl Grundstrom.
5:06 of 3rd period - Stopped by Remi Poirier with a rebound.
5:08 of 3rd period - Wrist shot by Carl Grundstrom.
5:08 of 3rd period - Shot Misses the Net.
5:10 of 3rd period - Slapshot by Kevin Bahl.
5:10 of 3rd period - Stopped by Remi Poirier with a rebound.
5:12 of 3rd period - Slapshot by Philip Broberg.
5:12 of 3rd period - Deflect By Brett Seney.
5:12 of 3rd period - Shot Misses the Net.
5:12 of 3rd period - Puck is out of play.
5:13 of 3rd period - Dominic Toninato wins face-off versus Parker Kelly in Sarnia Sailors zone.
5:13 of 3rd period - Dominic Toninato is hit by William Trudeau.
5:16 of 3rd period - Minor Penalty to Adam Ginning for Elbowing.
5:17 of 3rd period - Brett Seney wins face-off versus Kevin Stenlund in Sarnia Sailors zone.
5:19 of 3rd period - Slapshot by Brett Seney.
5:19 of 3rd period - Shot Blocked by Zach Uens.
7:16 of 3rd period - Penalty to Adam Ginning is over, Adam Ginning is back on ice.
7:26 of 3rd period - Slapshot by Jonah Gadjovich.
7:26 of 3rd period - Shot Misses the Net.
7:28 of 3rd period - Slapshot by Vladislav Kolyachonok.
7:28 of 3rd period - Shot Misses the Net.
7:30 of 3rd period - Slapshot by William Trudeau.
7:30 of 3rd period - Shot Misses the Net.
7:32 of 3rd period - Snap shot by Vladislav Kolyachonok.
7:32 of 3rd period - Shot Misses the Net.
7:34 of 3rd period - Wrist shot by Jonah Gadjovich.
7:34 of 3rd period - Shot Blocked by Jamie Drysdale.
7:44 of 3rd period - Wrist shot by Max Jones.
7:44 of 3rd period - Shot Blocked by Jamie Drysdale.
8:02 of 3rd period - Wrist shot by Jesse Puljujarvi.
8:02 of 3rd period - Shot Misses the Net.
8:04 of 3rd period - Wrist shot by Tristen Nielsen.
8:04 of 3rd period - Stopped by Jack Campbell without a rebound.
8:05 of 3rd period - Kevin Stenlund wins face-off versus Parker Kelly in Cape Breton Oilers zone.
8:55 of 3rd period - Wrist shot by Brett Seney.
8:55 of 3rd period - Goal by Brett Seney - Sarnia Sailors : 3 - Cape Breton Oilers : 5.
8:56 of 3rd period - Kevin Stenlund wins face-off versus Brett Seney in neutral zone.
9:06 of 3rd period - Minor Penalty to Kevin Bahl for Tripping.
9:07 of 3rd period - Noel Acciari wins face-off versus Tristen Nielsen in Cape Breton Oilers zone.
9:17 of 3rd period - Slapshot by Jamie Drysdale.
9:17 of 3rd period - Goal by Jamie Drysdale - Sarnia Sailors : 4 - Cape Breton Oilers : 5.
9:18 of 3rd period - Brett Seney wins face-off versus Kevin Stenlund in neutral zone.
9:24 of 3rd period - Slapshot by Jamie Drysdale.
9:24 of 3rd period - Stopped by Jack Campbell with a rebound.
9:32 of 3rd period - Wrist shot by Jamie Drysdale.
9:32 of 3rd period - Stopped by Jack Campbell without a rebound.
9:33 of 3rd period - Noel Acciari wins face-off versus Tristen Nielsen in Cape Breton Oilers zone.
9:35 of 3rd period - Minor Penalty to Kevin Bahl for Holding.
9:36 of 3rd period - Noel Acciari wins face-off versus Tristen Nielsen in Cape Breton Oilers zone.
9:42 of 3rd period - Wrist shot by Vasily Podkolzin.
9:42 of 3rd period - Stopped by Jack Campbell with a rebound.
9:50 of 3rd period - Wrist shot by Vasily Podkolzin.
9:50 of 3rd period - Goal by Vasily Podkolzin - Sarnia Sailors : 5 - Cape Breton Oilers : 5.
9:51 of 3rd period - Kevin Stenlund wins face-off versus Noel Acciari in neutral zone.
9:58 of 3rd period - Snap shot by Vasily Podkolzin.
9:58 of 3rd period - Stopped by Jack Campbell with a rebound.
10:00 of 3rd period - Snap shot by Keegan Kolesar.
10:00 of 3rd period - Deflect By Kevin Stenlund.
10:00 of 3rd period - Stopped by Jack Campbell with a rebound.
10:02 of 3rd period - Snap shot by Keegan Kolesar.
10:02 of 3rd period - Shot Blocked by Alexey Toropchenko.
10:04 of 3rd period - Backhand shot by Jack Rathbone.
10:04 of 3rd period - Shot Misses the Net.
10:06 of 3rd period - Wrist shot by Vasily Podkolzin.
10:06 of 3rd period - Stopped by Jack Campbell without a rebound.
10:07 of 3rd period - Tristen Nielsen wins face-off versus Hudson Fasching in Cape Breton Oilers zone.
10:40 of 3rd period - Wrist shot by Jamie Drysdale.
10:40 of 3rd period - Stopped by Jack Campbell without a rebound.
10:41 of 3rd period - Noel Acciari wins face-off versus Kevin Stenlund in Cape Breton Oilers zone.
11:22 of 3rd period - Jesse Puljujarvi is hit by Kevin Bahl.
11:56 of 3rd period - Wrist shot by Carl Grundstrom.
11:56 of 3rd period - Shot Misses the Net.
11:58 of 3rd period - Snap shot by Hudson Fasching.
11:58 of 3rd period - Shot Misses the Net.
12:00 of 3rd period - Backhand shot by Carl Grundstrom.
12:00 of 3rd period - Shot Misses the Net.
12:02 of 3rd period - Snap shot by Philip Broberg.
12:02 of 3rd period - Shot Misses the Net.
12:27 of 3rd period - Snap shot by Brett Seney.
12:27 of 3rd period - Stopped by Remi Poirier with a rebound.
12:29 of 3rd period - Wrist shot by Hudson Fasching.
12:29 of 3rd period - Cape Breton Oilers goal is going for a video replay.
12:29 of 3rd period - The goal is good.
12:29 of 3rd period - Goal by Hudson Fasching - Sarnia Sailors : 5 - Cape Breton Oilers : 6.
12:30 of 3rd period - Kevin Stenlund wins face-off versus Parker Kelly in neutral zone.
12:33 of 3rd period - Slapshot by Jack Rathbone.
12:33 of 3rd period - Stopped by Jack Campbell without a rebound.
12:34 of 3rd period - Kevin Stenlund wins face-off versus Parker Kelly in Cape Breton Oilers zone.
12:49 of 3rd period - Off-side.
12:50 of 3rd period - Alexey Toropchenko wins face-off versus Dominic Toninato in neutral zone.
12:59 of 3rd period - Wrist shot by Luke Evangelista.
12:59 of 3rd period - Shot Misses the Net.
13:01 of 3rd period - Minor Penalty to Jamie Drysdale for Slashing.
13:02 of 3rd period - Brett Seney wins face-off versus Kevin Stenlund in Sarnia Sailors zone.
13:03 of 3rd period - Snap shot by Carl Grundstrom.
13:03 of 3rd period - Shot Misses the Net.
13:05 of 3rd period - Snap shot by Carl Grundstrom.
13:05 of 3rd period - Stopped by Remi Poirier without a rebound.
13:06 of 3rd period - Brett Seney wins face-off versus Kevin Stenlund in Sarnia Sailors zone.
13:07 of 3rd period - Wrist shot by Carl Grundstrom.
13:07 of 3rd period - Shot Blocked by Kevin Stenlund.
13:09 of 3rd period - Wrist shot by Hudson Fasching.
13:09 of 3rd period - Deflect By Jack Rathbone.
13:09 of 3rd period - Stopped by Remi Poirier with a rebound.
13:22 of 3rd period - Wrist shot by Carl Grundstrom.
13:22 of 3rd period - Shot Blocked by Jack Rathbone.
13:32 of 3rd period - Wrist shot by Luke Evangelista.
13:32 of 3rd period - Stopped by Remi Poirier without a rebound.
13:33 of 3rd period - Noel Acciari wins face-off versus Kevin Stenlund in Sarnia Sailors zone.
13:46 of 3rd period - Zach Uens is hit by Noel Acciari and loses puck.
15:01 of 3rd period - Penalty to Jamie Drysdale is over, Jamie Drysdale is back on ice.
15:02 of 3rd period - Declan Chisholm is hit by Luke Evangelista.
15:11 of 3rd period - Jamie Drysdale is hit by Alexey Toropchenko.
15:29 of 3rd period - Slapshot by Jesse Puljujarvi.
15:29 of 3rd period - Stopped by Jack Campbell without a rebound.
15:30 of 3rd period - Sam Carrick wins face-off versus Cole Reinhardt in Cape Breton Oilers zone.
15:37 of 3rd period - Slapshot by Jamie Drysdale.
15:37 of 3rd period - Deflect By Sam Carrick.
15:37 of 3rd period - Stopped by Jack Campbell with a rebound.
17:25 of 3rd period - Snap shot by Max Jones.
17:25 of 3rd period - Stopped by Remi Poirier with a rebound.
18:38 of 3rd period - Icing by Kevin Stenlund.
18:39 of 3rd period - Vasily Podkolzin wins face-off versus Sam Carrick in Sarnia Sailors zone.
18:46 of 3rd period - Sarnia Sailors, Remi Poirier is pulled from the net.
18:52 of 3rd period - Vasily Podkolzin is hit by Jonah Gadjovich and loses puck.
19:13 of 3rd period - Snap shot by Keegan Kolesar.
19:13 of 3rd period - Stopped by Jack Campbell without a rebound.
19:14 of 3rd period - Gord Dineen call a timeout for Sarnia Sailors.
19:14 of 3rd period - Noel Acciari wins face-off versus Tristen Nielsen in Cape Breton Oilers zone.
Goals for this period are 2 for Sarnia Sailors vs 3 for Cape Breton Oilers.
Shots for this period are 15 for Sarnia Sailors vs 11 for Cape Breton Oilers.
Back to the Top